Nobbs, chaotic male human Barbarian ------- -....[-- .[..*..| .......---- .......|.-- .........| .....*..-- .......---%..| .@.....| |..- ---- ..h...-- ..| |<.| ..----- -.| -..| |.-|...| |..|.--- ..| |....| -.--- ---.--- |...-- ---- |...| --...---..----.--- --............| -------------- Nobbs the Pillager Experience level: 4 Strength: 18/02 Dexterity: 17 Constitution: 18 Intelligence: 7 Wisdom: 7 Charisma: 6 Health: 0(49) Energy: 6(6) Def: 3 Gold: 439 Moves: 1438 Dungeon seed: qN1V_grbDXyuEvrN Game ID: Nobbs_1510064417 Your Inventory: Coins $ - 439 gold pieces Weapons a - a +0 battle-axe (weapon in hands) b - a blessed +0 short sword (alternate weapon; not wielded) f - a +0 orcish dagger h - a +0 elven dagger Armor e - an uncursed +0 ring mail (being worn) n - an uncursed +0 orcish helm Comestibles c - 3 uncursed food rations g - 2 uncursed tripe rations i - 2 uncursed tins of spinach k - 2 uncursed eggs r - an uncursed lichen corpse s - an uncursed carrot Scrolls d - a cursed scroll of earth o - an uncursed scroll of identify Potions l - an uncursed potion of hallucination m - an uncursed potion of sickness p - a cursed potion of monster detection Rings q - an uncursed ring of shock resistance Tools j - an uncursed mirror Spells and supernatural/magical abilities: Name Level Category Fail Memory W - pray for help -- divine ? -- Your skills at the end: Fighting Skills bare handed combat [Basic] Weapon Skills axe [Basic] short sword [Basic] Spellcasting Skills Final Attributes: You were piously aligned. You were poison resistant. You are dead. Vanquished creatures: a gnome lord a little dog a dwarf 2 coyotes 2 hobbits a giant rat a yellow mold 4 gnomes 3 geckos 2 jackals 2 goblins 3 grid bugs 2 bats a lichen 2 kobold zombies 4 newts 32 creatures vanquished. Voluntary challenges: You were an atheist. You used a wielded weapon 32 times, starting on turn 33. You were illiterate. You never genocided any monsters. You never polymorphed an object. You never changed form. You used no wishes. You never split a pudding. You never wrote Elbereth's name. You never violated your personal moral code. Dungeon overview: The Dungeons of Doom: levels 1 to 5 Level 1 some fountains a long staircase Level 2 some fountains stairs to The Gnomish Mines Level 3 a general store, a fountain Level 4 Level 5 The Gnomish Mines: Level 3 <- You were here stairs to The Dungeons of Doom History has recorded: On T:1 you entered the Dungeons of Doom to retrieve the Amulet of Yendor! On T:154 you reached level 2 of The Dungeons of Doom. On T:294 you reached level 1 of The Gnomish Mines. On T:443 you reached level 3 of The Dungeons of Doom. On T:532 you advanced to experience level 2. On T:551 you reached level 4 of The Dungeons of Doom. On T:799 you advanced to experience level 3. On T:1041 you reached level 5 of The Dungeons of Doom. On T:1387 you advanced to experience level 4. Score breakdown: Gold: 439 ( 8992 points) Experience: 4 levels ( 9649 points) Exploration: 5 levels ( 9.62%) ( 8401 points) Discoveries: 1 item ( 0.41%) ( 1912 points) Valuables value: (no points given unless you survive) Artifact value: 0 ( 0 points) Variety of kills: 16 monsters ( 4.20%) ( 6147 points) Turncount: 1438 turns ( 0 points) Survival: died (score multiplied by 80%) Total score: 28080 Latest messages: You see here a crystal plate mail. You miss the dwarf. (2x) The dwarf wields a pick-axe! You smite the dwarf! You miss the dwarf. The dwarf swings his pick-axe. The dwarf hits! You kill the dwarf! There are a few objects here. You miss the gnome. The dwarf king wields a dagger! The dagger welds itself to the dwarf king's hand! The dwarf king thrusts his dagger. The dwarf king hits! You kill the gnome! You miss the dwarf king. You smite the dwarf king! The dwarf king thrusts his dagger. The dwarf king hits! The dwarf king thrusts his dagger. The dwarf king hits! You die... Final status: Goodbye Nobbs the Barbarian, killed by a dwarf king... You died in The Gnomish Mines on dungeon level 3 with 28080 points, and 439 pieces of gold, after 1438 moves. You were level 4 with a maximum of 49 hit points when you died.